SAAA
ATHLETIC CLUB KC RESERVES @ BRINKLEY BELUGAS
07/13/2021
 
TOP OF THE 1ST
Athletic Club KC Reserves batting - Pitching for Brinkley Belugas : LHP John Holley
Pitching: LHP John Holley
Batting: RHB Javier Díaz 0-0: Fly out, F8 (Flyball, 8RM)
Batting: SHB Evan Adams 0-0: Foul Ball, location: 2F
0-1: Ball
1-1: Swinging Strike
1-2: Ball
2-2: Fly out, F7 (Flyball, 7M)
Batting: LHB Rafael García 0-0: Called Strike
0-1: Ground out 4-3 (Groundball, 4M)
Top of the 1st over - 0 run(s), 0 hit(s), 0 error(s), 0 left on base; Athletic Club KC 0 - Brinkley 0
BOTTOM OF THE 1ST
Brinkley Belugas batting - Pitching for Athletic Club KC Reserves : RHP César Vatgos
Pitching: RHP César Vatgos
Batting: RHB Shawn Hicks 0-0: Swinging Strike
0-1: Ball
1-1: Called Strike
1-2: Hit by Pitch
Batting: RHB Orlando Trevino 0-0: Ball
1-0: Ball
Shawn Hicks steals 2nd base
2-0: Foul Ball, location: 2F
2-1: Ball
3-1: Fly out, F9 (Flyball, 89D)
Runner from 2nd tags up, SAFE at 3rd, no throw
Batting: RHB Jorge Salazar 0-0: Ball
1-0: Swinging Strike
1-1: Fly out, F3 (Popup, 3F)
Batting: RHB Luis Trujillo 0-0: Called Strike
0-1: Ground out 6-3 (Groundball, 6)
Bottom of the 1st over - 0 run(s), 0 hit(s), 0 error(s), 1 left on base; Athletic Club KC 0 - Brinkley 0
TOP OF THE 2ND
Athletic Club KC Reserves batting - Pitching for Brinkley Belugas : LHP John Holley
Batting: RHB Bill Dennis 0-0: Ball
1-0: Ball
2-0: Called Strike
2-1: Foul Ball, location: 2F
2-2: Ball
3-2: Fly out, F8 (Line Drive, 8RM)
Batting: RHB Robert Hill 0-0: Called Strike
0-1: SINGLE (Groundball, 56) (infield hit)
Batting: RHB Máximo Padilla 0-0: Ball
1-0: Foul Ball, location: 2F
1-1: Called Strike
1-2: Ball
2-2: Strikes out swinging
Batting: LHB Eduardo López 0-0: Called Strike
0-1: Called Strike
0-2: Foul Ball, location: 2F
0-2: Ball
1-2: Foul Ball, location: 2F
1-2: Fly out, F9 (Line Drive, 9S)
Top of the 2nd over - 0 run(s), 1 hit(s), 0 error(s), 1 left on base; Athletic Club KC 0 - Brinkley 0
BOTTOM OF THE 2ND
Brinkley Belugas batting - Pitching for Athletic Club KC Reserves : RHP César Vatgos
Batting: RHB Jesús Castro 0-0: SINGLE (Groundball, 34S)
Batting: LHB Dave Knight 0-0: Ball
1-0: Grounds into double play, 3-6-3 (Groundball, 3)
Batting: LHB Horace Ritchie 0-0: Ball
1-0: Foul Ball, location: 2F
1-1: Ball
2-1: Swinging Strike
2-2: Foul Ball, location: 2F
2-2: Strikes out looking
Bottom of the 2nd over - 0 run(s), 1 hit(s), 0 error(s), 0 left on base; Athletic Club KC 0 - Brinkley 0
TOP OF THE 3RD
Athletic Club KC Reserves batting - Pitching for Brinkley Belugas : LHP John Holley
Batting: LHB Matt Hartnett 0-0: Called Strike
0-1: Ball
1-1: Ball
2-1: Called Strike
2-2: Ball
3-2: Foul Ball, location: 2F
3-2: Fly out, F6 (Popup, 5DF)
Batting: LHB Greg Robinson 0-0: Called Strike
0-1: Swinging Strike
0-2: Ground out U3 (Groundball, 3L)
Batting: RHB Javier Díaz 0-0: Called Strike
0-1: Ball
1-1: Foul Ball, location: 2F
1-2: Foul Ball, location: 2F
1-2: Ball
2-2: Ball
3-2: SINGLE (Line Drive, 56D)
Batting: SHB Evan Adams 0-0: Called Strike
Javier Díaz is caught stealing 2nd base
Top of the 3rd over - 0 run(s), 1 hit(s), 0 error(s), 0 left on base; Athletic Club KC 0 - Brinkley 0
BOTTOM OF THE 3RD
Brinkley Belugas batting - Pitching for Athletic Club KC Reserves : RHP César Vatgos
Batting: LHB Arturo Hernández 0-0: Foul Ball, location: 2F
0-1: Called Strike
0-2: Strikes out swinging
Batting: LHB Nari Corelli 0-0: Ball
1-0: Fly out, F8 (Flyball, 8LM)
Batting: RHB Shawn Hicks 0-0: Foul Ball, location: 2F
0-1: Swinging Strike
0-2: Ground out 5-3 (Groundball, 56)
Bottom of the 3rd over - 0 run(s), 0 hit(s), 0 error(s), 0 left on base; Athletic Club KC 0 - Brinkley 0
TOP OF THE 4TH
Athletic Club KC Reserves batting - Pitching for Brinkley Belugas : LHP John Holley
Batting: SHB Evan Adams 0-0: Called Strike
0-1: Ball
1-1: Swinging Strike
1-2: Ball
2-2: Ball
3-2: Ground out 6-3 (Groundball, 56)
Batting: LHB Rafael García 0-0: SINGLE (Line Drive, 4)
Batting: RHB Bill Dennis 0-0: Swinging Strike
0-1: Ball
1-1: Ball
2-1: Ball
3-1: Called Strike
3-2: Foul Ball, location: 2F
3-2: Base on Balls
Rafael García to second
Batting: RHB Robert Hill 0-0: Called Strike
0-1: Ball
1-1: Ball
2-1: Ball
3-1: SINGLE (Line Drive, 4D)
Rafael García to third
Bill Dennis to second
Runner from 3rd tries for Home, SAFE, no throw or cutoff
Batting: RHB Máximo Padilla 0-0: Called Strike
0-1: SINGLE (Line Drive, 7S)
Bill Dennis to third
Robert Hill to second
Batting: LHB Eduardo López 0-0: Called Strike
0-1: Called Strike
0-2: GRAND SLAM HOME RUN (Line Drive, 9LD), Distance : 365 ft
Batting: LHB Matt Hartnett 0-0: Ball
1-0: Swinging Strike
1-1: Foul Ball, location: 2F
1-2: Strikes out swinging
Batting: LHB Greg Robinson 0-0: Ball
1-0: Swinging Strike
1-1: Called Strike
1-2: Strikes out looking
Top of the 4th over - 5 run(s), 4 hit(s), 0 error(s), 0 left on base; Athletic Club KC 5 - Brinkley 0
BOTTOM OF THE 4TH
Brinkley Belugas batting - Pitching for Athletic Club KC Reserves : RHP César Vatgos
Batting: RHB Orlando Trevino 0-0: Fly out, F8 (Flyball, 8LS)
Batting: RHB Jorge Salazar 0-0: Fly out, F8 (Line Drive, 78XD)
Batting: RHB Luis Trujillo 0-0: Ball
1-0: Swinging Strike
1-1: Foul Ball, location: 2F
1-2: Fly out, F9 (Line Drive, 89M)
Bottom of the 4th over - 0 run(s), 0 hit(s), 0 error(s), 0 left on base; Athletic Club KC 5 - Brinkley 0
TOP OF THE 5TH
Athletic Club KC Reserves batting - Pitching for Brinkley Belugas : LHP John Holley
Batting: RHB Javier Díaz 0-0: Ball
1-0: Swinging Strike
1-1: Ball
2-1: Fly out, F8 (Flyball, 8LD)
Batting: SHB Evan Adams 0-0: Swinging Strike
0-1: Fly out, F9 (Flyball, 9LM)
Batting: LHB Rafael García 0-0: Fly out, F9 (Line Drive, 9M)
Top of the 5th over - 0 run(s), 0 hit(s), 0 error(s), 0 left on base; Athletic Club KC 5 - Brinkley 0
BOTTOM OF THE 5TH
Brinkley Belugas batting - Pitching for Athletic Club KC Reserves : RHP César Vatgos
Batting: RHB Jesús Castro 0-0: Called Strike
0-1: Ball
1-1: Ground out 4-3 (Groundball, 4)
Batting: LHB Dave Knight 0-0: Ball
1-0: SOLO HOME RUN (Flyball, 89XD), Distance : 439 ft
Batting: LHB Horace Ritchie 0-0: Ball
1-0: Ball
2-0: SINGLE (Groundball, 34D)
Batting: LHB Arturo Hernández 0-0: Ball
1-0: SINGLE (Line Drive, 4MD)
Horace Ritchie to second
Batting: LHB Nari Corelli 0-0: Grounds into double play, 4-6-3 (Groundball, 4)
Bottom of the 5th over - 1 run(s), 3 hit(s), 0 error(s), 1 left on base; Athletic Club KC 5 - Brinkley 1
TOP OF THE 6TH
Athletic Club KC Reserves batting - Pitching for Brinkley Belugas : LHP John Holley
Batting: RHB Bill Dennis 0-0: Ball
1-0: Foul Ball, location: 2F
1-1: Ball
2-1: Called Strike
2-2: Strikes out swinging
Batting: RHB Robert Hill 0-0: Called Strike
0-1: Foul Ball, location: 2F
0-2: Ball
1-2: Ball
2-2: Foul Ball, location: 2F
2-2: Foul Ball, location: 2F
2-2: SINGLE (Groundball, 25) (infield hit)
Batting: RHB Máximo Padilla 0-0: Grounds into double play, 6-4-3 (Groundball, 6)
Top of the 6th over - 0 run(s), 1 hit(s), 0 error(s), 0 left on base; Athletic Club KC 5 - Brinkley 1
BOTTOM OF THE 6TH
Brinkley Belugas batting - Pitching for Athletic Club KC Reserves : RHP César Vatgos
Batting: RHB Shawn Hicks 0-0: Ground out 6-3 (Groundball, 6)
Batting: RHB Orlando Trevino 0-0: Called Strike
0-1: Ball
1-1: Ground out 4-3 (Groundball, 4M)
Batting: RHB Jorge Salazar 0-0: SINGLE (Line Drive, 34D)
Batting: RHB Luis Trujillo 0-0: Swinging Strike
0-1: Ball
1-1: Called Strike
1-2: Fielders Choice at 2nd, 5-4 (Groundball, 56)
Bottom of the 6th over - 0 run(s), 1 hit(s), 0 error(s), 0 left on base; Athletic Club KC 5 - Brinkley 1
TOP OF THE 7TH
Athletic Club KC Reserves batting - Pitching for Brinkley Belugas : LHP John Holley
Batting: LHB Eduardo López 0-0: SINGLE (Line Drive, 5D)
Batting: LHB Matt Hartnett 0-0: Sac Bunt - play at first, batter safe!
Eduardo López to second
Batting: LHB Greg Robinson 0-0: Ball
1-0: Bunted foul
1-1: Sac Bunt - play at first, batter OUT! 1-4
Eduardo López to third
Matt Hartnett to second
Batting: RHB Javier Díaz 0-0: Called Strike
0-1: Ball
1-1: Fly out, F9 (Flyball, 89S)
Batting: SHB Evan Adams 0-0: Called Strike
0-1: Foul Ball, location: 2F
0-2: Ball
1-2: Foul Ball, location: 2F
1-2: Ball
2-2: Ball
3-2: Base on Balls
Batting: LHB Rafael García 0-0: Called Strike
0-1: Fly out, F7 (Flyball, 7M)
Top of the 7th over - 0 run(s), 2 hit(s), 0 error(s), 3 left on base; Athletic Club KC 5 - Brinkley 1
BOTTOM OF THE 7TH
Brinkley Belugas batting - Pitching for Athletic Club KC Reserves : RHP César Vatgos
Batting: RHB Jesús Castro 0-0: Ball
1-0: SINGLE (Line Drive, 6MD)
Batting: LHB Dave Knight 0-0: Ball
1-0: Foul Ball, location: 2F
1-1: Ball
2-1: Foul Ball, location: 2F
2-2: Ground out 4-3 (Groundball, 13)
Jesús Castro to second
Batting: LHB Horace Ritchie 0-0: Ball
1-0: Foul Ball, location: 2F
1-1: Ground out 4-3 (Groundball, 4)
Jesús Castro to third
Batting: LHB Arturo Hernández 0-0: Ball
1-0: Ball
2-0: Reached on error, E3 (Groundball, 3)
Jesús Castro scores
Batting: LHB Nari Corelli 0-0: Ball
Arturo Hernández steals 2nd base
1-0: Foul Ball, location: 2F
1-1: Fly out, F7 (Flyball, 78M)
Bottom of the 7th over - 1 run(s), 1 hit(s), 1 error(s), 1 left on base; Athletic Club KC 5 - Brinkley 2
TOP OF THE 8TH
Athletic Club KC Reserves batting - Pitching for Brinkley Belugas : LHP John Holley
Batting: RHB Bill Dennis 0-0: Ball
1-0: Ball
2-0: Ball
3-0: Base on Balls
Batting: RHB Robert Hill 0-0: Ball
1-0: Foul Ball, location: 2F
1-1: Fly out, F8 (Flyball, 8RXD)
Pitching: LHP Jim Unknown
Batting: RHB Máximo Padilla 0-0: Fly out, F7 (Flyball, 7M)
Batting: LHB Eduardo López 0-0: Ball
1-0: Foul Ball, location: 2F
1-1: Called Strike
1-2: SINGLE (Groundball, 56D) (infield hit)
Bill Dennis to second
Batting: LHB Matt Hartnett 0-0: Ball
1-0: Fielders Choice at 2nd, U4 (Groundball, 4M)
Top of the 8th over - 0 run(s), 1 hit(s), 0 error(s), 2 left on base; Athletic Club KC 5 - Brinkley 2
BOTTOM OF THE 8TH
Brinkley Belugas batting - Pitching for Athletic Club KC Reserves : RHP César Vatgos
Batting: RHB Shawn Hicks 0-0: Ball
1-0: Fly out, F8 (Line Drive, 8LD)
Batting: RHB Orlando Trevino 0-0: Ball
1-0: Ground out 6-3 (Groundball, 6)
Batting: RHB Jorge Salazar 0-0: Ball
1-0: Ball
2-0: Called Strike
2-1: SINGLE (Flyball, 9LS)
Batting: RHB Luis Trujillo 0-0: 2-RUN HOME RUN (Flyball, 78XD), Distance : 428 ft
Batting: RHB Jesús Castro 0-0: Ball
1-0: Called Strike
1-1: Foul Ball, location: 2F
1-2: Ball
2-2: Ground out 6-3 (Groundball, 6)
Bottom of the 8th over - 2 run(s), 2 hit(s), 0 error(s), 0 left on base; Athletic Club KC 5 - Brinkley 4
TOP OF THE 9TH
Athletic Club KC Reserves batting - Pitching for Brinkley Belugas : LHP Jim Unknown
Pitching: RHP Jim Unknown
Batting: LHB Greg Robinson 0-0: Ball
1-0: Called Strike
1-1: Ground out 3-1 (Groundball, 3L)
Pitching: RHP Jorge Guerrero
Batting: RHB Javier Díaz 0-0: Foul Ball, location: 2F
0-1: Swinging Strike
0-2: Foul Ball, location: 2F
0-2: Hit by Pitch
Pinch Runner at 1st Jim Unknown:
Batting: SHB Evan Adams 0-0: DOUBLE (Groundball, 3L)
Jim Unknown to third
Batting: LHB Rafael García 0-0: Reached on Error, E9 (Flyball, 9M)
Jim Unknown scores
Evan Adams to third
Batting: RHB Bill Dennis 0-0: Ball
1-0: Grounds into double play, 5-4-3 (Groundball, 5)
Top of the 9th over - 1 run(s), 1 hit(s), 1 error(s), 1 left on base; Athletic Club KC 6 - Brinkley 4
BOTTOM OF THE 9TH
Brinkley Belugas batting - Pitching for Athletic Club KC Reserves : RHP César Vatgos
Now at SS: Jim Unknown
Batting: LHB Dave Knight 0-0: Fly out, F7 (Flyball, 7M)
Batting: LHB Horace Ritchie 0-0: Called Strike
0-1: Ball
1-1: DOUBLE (Line Drive, 78M)
Pitching: RHP Jeremy Gutiérrez
Batting: LHB Arturo Hernández 0-0: Fly out, F4 (Popup, 34D)
Pinch Hitting: LHB Roger Shaffer 0-0: Called Strike
0-1: Fly out, F7 (Flyball, 78D)
Bottom of the 9th over - 0 run(s), 1 hit(s), 0 error(s), 1 left on base; Athletic Club KC 6 - Brinkley 4
This league is powered by Out of the Park Baseball, the baseball management simulation game for PC, Mac and Linux
Friday, January 22nd, 2016 - OOTP Baseball 16.9 Build 39